TOP OF THE 1ST |
Springfield Shooters batting - Pitching for Minnesota Loons : LHP Rafael González
|
Pitching: LHP Rafael González
|
|
Batting: RHB Cornell MacDonald
|
0-0: Called Strike 0-1: Ball 1-1: Ground out 6-3 (Groundball, 6, EV 104.4 MPH)
|
Batting: RHB Shigeaki Samurakami
|
0-0: Ground out 6-3 (Groundball, 6, EV 81.9 MPH)
|
Batting: RHB António Delgado
|
0-0: SINGLE (Groundball, 34D, EV 99.4 MPH)
|
Batting: RHB Bob Williams
|
0-0: Called Strike 0-1: Ball António Delgado steals 2nd base 1-1: Foul Ball, location: 2F 1-2: Ball 2-2: Strikes out looking
|
Top of the 1st over - 0 runs, 1 hit, 0 errors, 1 left on base; Springfield 0 - Minnesota 0 |
BOTTOM OF THE 1ST |
Minnesota Loons batting - Pitching for Springfield Shooters : LHP Georgy Gilyazitdinov
|
Pitching: LHP Georgy Gilyazitdinov
|
|
Batting: RHB Javier Vázquez
|
0-0: Swinging Strike 0-1: Foul Ball, location: 2F 0-2: Ball 1-2: Ball 2-2: Ball 3-2: Fly out, F9 (Flyball, 9LMF, EV 90.0 MPH)
|
Batting: RHB Isagani Gorre
|
0-0: Called Strike 0-1: Called Strike 0-2: Strikes out swinging
|
Batting: RHB Igme Samson
|
0-0: Called Strike 0-1: Called Strike 0-2: Ball 1-2: Ball 2-2: Ball 3-2: Fly out, F7 (Flyball, 7D, EV 92.5 MPH)
|
Bottom of the 1st over - 0 runs, 0 hits, 0 errors, 0 left on base; Springfield 0 - Minnesota 0 |
TOP OF THE 2ND |
Springfield Shooters batting - Pitching for Minnesota Loons : LHP Rafael González
|
Batting: RHB Ethan Brierley
|
0-0: Ball 1-0: Foul Ball, location: 2F 1-1: Swinging Strike 1-2: Foul Ball, location: 2F 1-2: Ball 2-2: Strikes out looking
|
Batting: SHB Francisco Rodríguez
|
0-0: Called Strike 0-1: Reached on error, E5 (Groundball, 5, EV 82.5 MPH)
|
Batting: LHB Jorge Ortíz
|
0-0: Ball 1-0: Called Strike 1-1: Fly out, F6 (Line Drive, 6, EV 62.5 MPH)
|
Batting: RHB Pellervo Rintanen
|
0-0: Called Strike 0-1: Fly out, F7 (Flyball, 78D, EV 84.4 MPH)
|
Top of the 2nd over - 0 runs, 0 hits, 1 error, 1 left on base; Springfield 0 - Minnesota 0 |
BOTTOM OF THE 2ND |
Minnesota Loons batting - Pitching for Springfield Shooters : LHP Georgy Gilyazitdinov
|
Batting: LHB Derek Corbin
|
0-0: Swinging Strike 0-1: Ground out 2-3 (Groundball, 13S, EV 63.8 MPH)
|
Batting: RHB Kao-tsu Koo
|
0-0: Foul Ball, location: 2F 0-1: Ball 1-1: Ball 2-1: Foul Ball, location: 2F 2-2: Foul Ball, location: 2F 2-2: Ball 3-2: Base on Balls
|
Batting: LHB Andrés Rodríguez
|
0-0: Ball 1-0: Fly out, F7 (Flyball, 7LM, EV 84.4 MPH)
|
Batting: RHB Héctor Espiga
|
0-0: Ball 1-0: Foul Ball, location: 2F 1-1: Ground out U3 (Groundball, 3L, EV 98.8 MPH)
|
Bottom of the 2nd over - 0 runs, 0 hits, 0 errors, 1 left on base; Springfield 0 - Minnesota 0 |
TOP OF THE 3RD |
Springfield Shooters batting - Pitching for Minnesota Loons : LHP Rafael González
|
Batting: RHB Don Pokorski
|
0-0: Ball 1-0: Foul Ball, location: 2F 1-1: Ball 2-1: Called Strike 2-2: Strikes out swinging
|
Batting: RHB Cornell MacDonald
|
0-0: Ball 1-0: Swinging Strike 1-1: Ball 2-1: Fly out, F7 (Flyball, 7S, EV 91.2 MPH)
|
Batting: RHB Shigeaki Samurakami
|
0-0: Ball 1-0: Foul Ball, location: 2F 1-1: Ball 2-1: Foul Ball, location: 2F 2-2: Ball 3-2: Fly out, F9 (Flyball, 9LD, EV 87.5 MPH)
|
Top of the 3rd over - 0 runs, 0 hits, 0 errors, 0 left on base; Springfield 0 - Minnesota 0 |
BOTTOM OF THE 3RD |
Minnesota Loons batting - Pitching for Springfield Shooters : LHP Georgy Gilyazitdinov
|
Batting: RHB Gabriel Torres
|
0-0: Ball 1-0: Foul Ball, location: 2F 1-1: Called Strike 1-2: Strikes out swinging, 2-3 out at first.
|
Batting: LHB Juan Huerta
|
0-0: Called Strike 0-1: Fly out, F2 (Popup, 3SF, EV 82.5 MPH)
|
Batting: RHB Javier Vázquez
|
0-0: SINGLE (Line Drive, 56D, EV 94.4 MPH)
|
Batting: RHB Isagani Gorre
|
0-0: Called Strike 0-1: Ball 1-1: Ball 2-1: Called Strike 2-2: Fly out, F7 (Line Drive, 7, EV 102.5 MPH)
|
Bottom of the 3rd over - 0 runs, 1 hit, 0 errors, 1 left on base; Springfield 0 - Minnesota 0 |
TOP OF THE 4TH |
Springfield Shooters batting - Pitching for Minnesota Loons : LHP Rafael González
|
Batting: RHB António Delgado
|
0-0: Ball 1-0: Foul Ball, location: 2F 1-1: Foul Ball, location: 2F 1-2: Strikes out looking
|
Batting: RHB Bob Williams
|
0-0: Called Strike 0-1: Swinging Strike 0-2: Strikes out swinging
|
Batting: RHB Ethan Brierley
|
0-0: Ball 1-0: Fly out, F3 (Line Drive, 3, EV 75.6 MPH)
|
Top of the 4th over - 0 runs, 0 hits, 0 errors, 0 left on base; Springfield 0 - Minnesota 0 |
BOTTOM OF THE 4TH |
Minnesota Loons batting - Pitching for Springfield Shooters : LHP Georgy Gilyazitdinov
|
Batting: RHB Igme Samson
|
0-0: Ball 1-0: Called Strike 1-1: Called Strike 1-2: Ground out 6-3 (Groundball, 6S, EV 71.2 MPH)
|
Now at 2B: Ricardo Torres
|
|
Batting: LHB Derek Corbin
|
0-0: Foul Ball, location: 2F 0-1: SOLO HOME RUN (Flyball, 9D, EV 93.1 MPH), Distance : 379 ft
|
Batting: RHB Kao-tsu Koo
|
0-0: Called Strike 0-1: Ball 1-1: SINGLE (Groundball, 6S, EV 83.1 MPH) (infield hit)
|
Batting: LHB Andrés Rodríguez
|
0-0: Swinging Strike 0-1: Called Strike 0-2: Strikes out swinging
|
Batting: RHB Héctor Espiga
|
0-0: Called Strike 0-1: SINGLE (Line Drive, 56D, EV 95.6 MPH) Kao-tsu Koo to second
|
Batting: RHB Gabriel Torres
|
0-0: Ball 1-0: Called Strike 1-1: Ground out 4-3 (Groundball, 34, EV 106.9 MPH)
|
Bottom of the 4th over - 1 run, 3 hits, 0 errors, 2 left on base; Springfield 0 - Minnesota 1 |
TOP OF THE 5TH |
Springfield Shooters batting - Pitching for Minnesota Loons : LHP Rafael González
|
Batting: SHB Francisco Rodríguez
|
0-0: Ball 1-0: Ground out 6-3 (Groundball, 6, EV 80.0 MPH)
|
Batting: LHB Jorge Ortíz
|
0-0: Ball 1-0: Ball 2-0: Swinging Strike 2-1: Fly out, F3 (Popup, 3S, EV 83.8 MPH)
|
Batting: RHB Pellervo Rintanen
|
0-0: Ball 1-0: Ground out 6-3 (Groundball, 6, EV 88.1 MPH)
|
Top of the 5th over - 0 runs, 0 hits, 0 errors, 0 left on base; Springfield 0 - Minnesota 1 |
BOTTOM OF THE 5TH |
Minnesota Loons batting - Pitching for Springfield Shooters : LHP Georgy Gilyazitdinov
|
Batting: LHB Juan Huerta
|
0-0: Ball 1-0: Called Strike 1-1: Foul Ball, location: 2F 1-2: Foul Ball, location: 2F 1-2: Foul Ball, location: 2F 1-2: Ball 2-2: Foul Ball, location: 2F 2-2: Ground out 5-3 (Groundball, 56S, EV 69.4 MPH)
|
Batting: RHB Javier Vázquez
|
0-0: Ball 1-0: Swinging Strike 1-1: Ball 2-1: SOLO HOME RUN (Flyball, 7D, EV 98.1 MPH), Distance : 350 ft
|
Batting: RHB Isagani Gorre
|
0-0: Fly out, F7 (Flyball, 78M, EV 96.9 MPH)
|
Batting: RHB Igme Samson
|
0-0: Foul Ball, location: 2F 0-1: Ball 1-1: Foul Ball, location: 2F 1-2: Hit by Pitch
|
Pinch Runner at 1st Yoshiki Ito:
|
|
Batting: LHB Derek Corbin
|
0-0: Called Strike 0-1: Foul Ball, location: 2F 0-2: Ball 1-2: Reached on error, E6 (Groundball, 6M, EV 86.2 MPH) Yoshiki Ito to third
|
Batting: RHB Kao-tsu Koo
|
0-0: Intentional Walk
|
Batting: LHB Andrés Rodríguez
|
0-0: Ball 1-0: Foul Ball, location: 2F 1-1: Fly out, F4 (Line Drive, 4, EV 68.8 MPH)
|
Bottom of the 5th over - 1 run, 1 hit, 1 error, 3 left on base; Springfield 0 - Minnesota 2 |
TOP OF THE 6TH |
Springfield Shooters batting - Pitching for Minnesota Loons : LHP Rafael González
|
Now at 2B: Yoshiki Ito
|
|
Batting: RHB Don Pokorski
|
0-0: Ball 1-0: Foul Ball, location: 2F 1-1: Ground out 6-3 (Groundball, 6, EV 88.1 MPH)
|
Batting: RHB Cornell MacDonald
|
0-0: Swinging Strike 0-1: Ball 1-1: Foul Ball, location: 2F 1-2: Foul Ball, location: 2F 1-2: Ball 2-2: Ball 3-2: SINGLE (Groundball, 4D, EV 95.0 MPH)
|
Batting: RHB Shigeaki Samurakami
|
0-0: SINGLE (Groundball, 4MD, EV 105.0 MPH) Cornell MacDonald to second Runner from 2nd tries for 3rd, OUT! 8-5
|
Batting: RHB António Delgado
|
0-0: Ball 1-0: Fly out, F7 (Flyball, 7S, EV 80.6 MPH)
|
Top of the 6th over - 0 runs, 2 hits, 0 errors, 1 left on base; Springfield 0 - Minnesota 2 |
BOTTOM OF THE 6TH |
Minnesota Loons batting - Pitching for Springfield Shooters : LHP Georgy Gilyazitdinov
|
Batting: RHB Héctor Espiga
|
0-0: Called Strike 0-1: Foul Ball, location: 2F 0-2: Ball 1-2: Strikes out swinging
|
Batting: RHB Gabriel Torres
|
0-0: Ball 1-0: Ball 2-0: Called Strike 2-1: Swinging Strike 2-2: Ball 3-2: Foul Ball, location: 2F 3-2: DOUBLE (Line Drive, 3D, EV 94.4 MPH)
|
Pitching: LHP Brant Mielke
|
|
Batting: LHB Juan Huerta
|
0-0: Called Strike 0-1: Fly out, F8 (Flyball, 8RD, EV 83.8 MPH) Runner from 2nd tags up, SAFE at 3rd with throw by CF
|
Batting: RHB Javier Vázquez
|
0-0: Ball 1-0: Ball 2-0: Ball 3-0: Called Strike 3-1: Foul Ball, location: 2F 3-2: Fly out, F8 (Flyball, 89M, EV 98.1 MPH)
|
Bottom of the 6th over - 0 runs, 1 hit, 0 errors, 1 left on base; Springfield 0 - Minnesota 2 |
TOP OF THE 7TH |
Springfield Shooters batting - Pitching for Minnesota Loons : LHP Rafael González
|
Batting: RHB Bob Williams
|
0-0: Called Strike 0-1: Foul Ball, location: 2F 0-2: Foul Ball, location: 2F 0-2: Ball 1-2: Ball 2-2: Strikes out swinging
|
Batting: RHB Ricardo Torres
|
0-0: Foul Ball, location: 2F 0-1: Ball 1-1: Foul Ball, location: 2F 1-2: Ball 2-2: Ground out 6-3 (Groundball, 6, EV 88.1 MPH)
|
Batting: SHB Francisco Rodríguez
|
0-0: Ball 1-0: Foul Ball, location: 2F 1-1: Ball 2-1: Ball 3-1: Base on Balls
|
Batting: LHB Jorge Ortíz
|
0-0: Ball 1-0: Foul Ball, location: 2F 1-1: Ball 2-1: Ball 3-1: SINGLE (Groundball, 34D, EV 101.2 MPH) Francisco Rodríguez to second Runner from 2nd tries for 3rd, SAFE, throw by RF made to third
|
Batting: RHB Pellervo Rintanen
|
0-0: Called Strike 0-1: Foul Ball, location: 2F 0-2: Ground out U3 (Groundball, 34, EV 84.4 MPH)
|
Top of the 7th over - 0 runs, 1 hit, 0 errors, 2 left on base; Springfield 0 - Minnesota 2 |
BOTTOM OF THE 7TH |
Minnesota Loons batting - Pitching for Springfield Shooters : LHP Brant Mielke
|
Batting: RHB Isagani Gorre
|
0-0: Ball 1-0: Foul Ball, location: 2F 1-1: Swinging Strike 1-2: Fly out, F7 (Flyball, 7LS, EV 86.9 MPH)
|
Batting: RHB Yoshiki Ito
|
0-0: Ground out 5-3 (Groundball, 56S, EV 76.9 MPH)
|
Batting: LHB Derek Corbin
|
0-0: Ball 1-0: Ball 2-0: Ground out U3 (Groundball, 3L, EV 105.0 MPH)
|
Bottom of the 7th over - 0 runs, 0 hits, 0 errors, 0 left on base; Springfield 0 - Minnesota 2 |
TOP OF THE 8TH |
Springfield Shooters batting - Pitching for Minnesota Loons : LHP Rafael González
|
Batting: RHB Don Pokorski
|
0-0: Called Strike 0-1: Ball 1-1: Foul Ball, location: 2F 1-2: Strikes out swinging
|
Batting: RHB Cornell MacDonald
|
0-0: Called Strike 0-1: Called Strike 0-2: Ball 1-2: Strikes out swinging
|
Batting: RHB Shigeaki Samurakami
|
0-0: Ball 1-0: Ground out 6-3 (Groundball, 6, EV 78.1 MPH)
|
Top of the 8th over - 0 runs, 0 hits, 0 errors, 0 left on base; Springfield 0 - Minnesota 2 |
BOTTOM OF THE 8TH |
Minnesota Loons batting - Pitching for Springfield Shooters : LHP Brant Mielke
|
Batting: RHB Kao-tsu Koo
|
0-0: Ball 1-0: Called Strike 1-1: Ball 2-1: Fly out, F8 (Flyball, 78S, EV 90.0 MPH)
|
Batting: LHB Andrés Rodríguez
|
0-0: Ball 1-0: Swinging Strike 1-1: Ball 2-1: Ground out 1-3 (Groundball, 34S, EV 91.9 MPH)
|
Batting: RHB Héctor Espiga
|
0-0: Called Strike 0-1: Ball 1-1: Ball 2-1: Foul Ball, location: 2F 2-2: Ground out 6-3 (Groundball, 6, EV 93.1 MPH)
|
Bottom of the 8th over - 0 runs, 0 hits, 0 errors, 0 left on base; Springfield 0 - Minnesota 2 |
TOP OF THE 9TH |
Springfield Shooters batting - Pitching for Minnesota Loons : LHP Rafael González
|
Pitching: RHP Adrián Porras
|
|
Batting: RHB António Delgado
|
0-0: Called Strike 0-1: Ball 1-1: Ball 2-1: Ball 3-1: Fly out, F9 (Line Drive, 9, EV 105.0 MPH)
|
Batting: RHB Bob Williams
|
0-0: Ball 1-0: Swinging Strike 1-1: Ball 2-1: Ball 3-1: Foul Ball, location: 2F 3-2: SINGLE (Line Drive, 7S, EV 95.6 MPH)
|
Pinch Hitting: SHB Francisco Chávez
|
0-0: SINGLE (Groundball, 6D, EV 98.8 MPH) Bob Williams to second
|
Batting: SHB Francisco Rodríguez
|
0-0: Ball 1-0: Fly out, F4 (Line Drive, 4, EV 73.8 MPH) Lined into DP, 4-6 (Line Drive, 4, EV 69.4 MPH)
|
Top of the 9th over - 0 runs, 2 hits, 0 errors, 1 left on base; Springfield 0 - Minnesota 2 |
|